 Dungeon Crawl Stone Soup version 0.28-a0-533-g9f97627e2a (webtiles) character file.

Game seed: 8740605800985902856

504 tatocazan the Skirmisher (level 6, -4/49 HPs)
             Began as a Demonspawn Fighter on Sept 25, 2021.
             Slain by a scorpion (6 damage)
             ... on level 4 of the Dungeon.
             The game lasted 00:03:40 (3679 turns).

tatocazan the Skirmisher (Demonspawn Fighter)       Turns: 3679, Time: 00:03:41

Health: -4/49      AC: 10    Str: 19    XL:     6   Next: 96%
Magic:  6/6        EV:  8    Int:  9    God:
Gold:   63         SH:  5    Dex: 12    Spells: 5/5 levels left

rFire   . . .      SeeInvis .   a - +0 war axe
rCold   . . .      Faith    .   c - +0 buckler
rNeg    . . .      Spirit   .   s - +0 chain mail
rPois   .          Reflect  .   (no helmet)
rElec   .          Harm     .   p - +0 cloak
rCorr   .          Rampage  .   (no gloves)
Will    .....                   (no boots)
Stlth   ..........              (no amulet)
HPRegen 0.16/turn               (no ring)
MPRegen 0.10/turn               (no ring)

@: no status effects
A: hooves 1, spiny 1, sturdy frame 1
a: no special abilities


You were on level 4 of the Dungeon.
You visited 1 branch of the dungeon, and saw 4 of its levels.

You collected 63 gold pieces.

Inventory:

Hand Weapons
 a - a +0 war axe (weapon)
Missiles
 r - a throwing net (quivered)
Armour
 b - a +0 scale mail
 c - a +0 buckler (worn)
 p - a +0 cloak (worn)
 s - a +0 chain mail (worn)
Jewellery
 g - a +6 ring of intelligence
Scrolls
 j - 4 scrolls of teleportation
Potions
 d - 2 potions of might
 e - a potion of magic {unknown}
 f - 3 potions of ambrosia {unknown}
 h - a potion of heal wounds {unknown}
 i - a potion of curing {unknown}
 k - a potion of invisibility {unknown}
 m - a potion of haste {unknown}
 o - a potion of berserk rage {unknown}
 q - a potion of cancellation {unknown}
 t - a potion of flight {unknown}


   Skills:
 + Level 4.7 Fighting
 * Level 3.6 Axes
 + Level 4.2 Armour
 + Level 4.2 Shields


You had 5 spell levels left.
You didn't know any spells.
Your spell library contained the following spells:

 Spells                   Type           Power      Damage    Failure   Level
 Ensorcelled Hibernation  Hex/Ice        0%         N/A       98%         2
 Gell's Gravitas          Tloc           0%         N/A       100%        3
 Teleport Other           Tloc           0%         N/A       100%        3
 Tukima's Dance           Hex            0%         N/A       100%        3
 Dispersal                Tloc           0%         N/A       100%        6


Dungeon Overview and Level Annotations

Branches:
Dungeon (4/15)             Temple (0/1) D:4

Altars:
Wu Jian

Shops:
D:2 [   D:3 (


Innate Abilities, Weirdness & Mutations

You have large cloven feet.
You are partially covered in sharp spines.
Your movements are slightly less encumbered by armour. (ER -2)


Message History

The scorpion poisons you!
You take 2 damage, and have 32/49 hp. 2 orcs come into view.
You feel very sick.
The orc shouts! x2
An orc priest comes into view. It is wielding a +0 dagger.
You take 3 damage, and have 29/49 hp.
You feel very sick.
The orc priest shouts!
The orc priest mumbles some strange prayers to Beogh against you.
Beogh smites you!
You take 14 damage, and have 15/49 hp.
MASSIVE DAMAGE!!
A goblin comes into view. It is wielding a +0 dagger.
You feel sick.
The goblin shouts!
The orc throws a boomerang.
The boomerang hits you.
* * * LOW HITPOINT WARNING * * *
A ball python comes into view.
You feel sick.
The ball python hisses angrily.
A hound comes into view.
The orc priest looks braver for a moment.
The scorpion is struck by your spines. The scorpion closely misses you.
You take 5 damage, and have 10/49 hp.
Found 14 gold pieces.
You feel sick.
You take 1 damage, and have 9/49 hp.
Found 10 gold pieces.
You feel sick.
You take 1 damage, and have 8/49 hp.
You feel sick. The ball python barely misses you. You block the hound's attack.
The goblin is struck by your spines.
You kill the goblin!
You take 1 damage, and have 7/49 hp.
You feel sick. The hound barely misses you.
You take 1 damage, and have 6/49 hp.
You feel sick.
You are no longer poisoned.
The hound is struck by your spines. The hound bites you.
* * * LOW HITPOINT WARNING * * *
The scorpion stings you.
You die...

# ####.......##*.##..,,,≈≈≈≈*≈≈
#####...........##......,,,≈*≈*≈*
.>........#.............,,,≈≈≈*≈≈
.....###..o#............,,,,*≈***
......###....o..........,,,≈≈≈*∩≈
.......###..............,,,,≈≈***
........##...g..S..$....,,,,,,,,,
#.......###..).sh.......,,,,,,,,,
######### ##...o@...$...,,,,,,,,,
##...........,,,,,,,,,
##..........,,,,,,,,*
##.........,**,,,***
**************##........,,,,***
,,,,,,>,,,,,,,,.........,,***
,,,,,,,,,,,,,,,.........***
****,,,,,,,,,,*#######.#*
*,,,,,,,,,,,* *,**


You could see a scorpion, a hound, an orc priest, 2 orcs, a goblin and a ball
python.

Vanquished Creatures
  Grinder (D:3)
  A bullfrog (D:3)
  2 iguanas (D:3)
  Terence (D:2)
  Robin (D:3)
  7 adders
  4 worms (D:2)
  4 dart slugs
  3 bats (D:1)
  5 endoplasms
  6 hobgoblins
  4 jackals (D:1)
  5 kobolds
  2 quokkas
  6 ball pythons
  4 frilled lizards
  15 goblins
  10 rats
81 creatures vanquished.

Notes
Turn   | Place    | Note
-------+----------+-------------------------------------------
     0 | D:1      | tatocazan the Demonspawn Fighter began the quest for the
                  | Orb.
     0 | D:1      | Reached XP level 1. HP: 18/18 MP: 1/1
    87 | D:1      | Gained mutation: You are partially covered in sharp spines.
                  | [demonic ancestry]
    87 | D:1      | Reached XP level 2. HP: 20/24 MP: 2/2
   374 | D:1      | Found a faded altar of an unknown god.
   627 | D:1      | Reached XP level 3. HP: 29/29 MP: 3/3
  1251 | D:2      | Reached XP level 4. HP: 17/35 MP: 4/4
  1926 | D:2      | Found Keigueb's Antique Armour Shop.
  2252 | D:3      | Noticed Terence
  2253 | D:3      | Found an ornate altar of the Wu Jian Council.
  2260 | D:2      | Killed Terence
  2261 | D:2      | Gained mutation: Your movements are slightly less
                  | encumbered by armour. (ER -2) [demonic ancestry]
  2261 | D:2      | Reached XP level 5. HP: 33/42 MP: 5/5
  2980 | D:3      | Found Tamezato's Antique Weapon Shop.
  3001 | D:3      | Noticed Robin
  3013 | D:3      | Killed Robin
  3020 | D:3      | Gained mutation: You have large cloven feet. [demonic
                  | ancestry]
  3020 | D:3      | Reached XP level 6. HP: 40/48 MP: 6/6
  3290 | D:3      | Noticed Grinder
  3300 | D:3      | Paralysed by Grinder for 5 turns
  3307 | D:3      | Killed Grinder
  3623 | D:4      | Found a staircase to the Ecumenical Temple.
  3679 | D:4      | HP: 2/49 [hound (4)]
  3679 | D:4      | Slain by a scorpion

Illustrated notes

Levels and vault maps discovered:
D:1:      saegor_arrival_simple_c, layout_basic,
          hellmonk_ecumenical_altar_run_dry
D:2:      layout_loops_ring, serial_shops, shop
D:3:      layout_basic, mainiacjoe_overflow_concentric_impassable, serial_shops,
          nicolae_shop_temple_entry_statues_fountains, uniq_robin, uniq_grinder,
          uniq_terence
D:4:      cheibrodos_pilgrimage, layout_cave_pods, minmay_temple_entry_grid,
          lightli_sewer_entry_pipes, uniq_pikel

Skill      XL: |  1  2  3  4  5  6 |
---------------+-------------------+-----
Axes           | 2 3 |  3.6
Armour         | 3 4 |  4.2
Shields        | 3 4 |  4.2
Fighting       | 4 |  4.7

Action                   |  1- 3 |  4- 6 || total
-------------------------+-------+-------++-------
Melee: War axe           |    66 |   104 ||   170
       Kick              |       |     8 ||     8
  Use: Scroll            |       |     3 ||     3
Armor: Scale mail        |    29 |    10 ||    39
       Chain mail        |       |    30 ||    30
Dodge: Dodged            |    23 |    45 ||    68
Block: Buckler           |    17 |    24 ||    41

Table legend: (Time is in decaauts)
 A = Elapsed time spent in this place.
 B = Non-inter-level travel time spent in this place.
 C = Inter-level travel time spent in this place.
 D = Time resting spent in this place.
 E = Time spent auto-exploring this place.
 F = Levels seen in this place.
 G = Mean time per level.
                   A        B        C        D        E       F      G
               +--------+--------+--------+--------+--------+-----+--------+
         Total |   3745 |   3644 |    101 |    965 |   2145 |   4 |  936.2 |
       Dungeon |   3745 |   3644 |    101 |    965 |   2145 |   4 |  936.2 |
               +--------+--------+--------+--------+--------+-----+--------+

Top non-repeatable levels by time:
     D:2: 1535 daAuts
     D:3: 1323 daAuts
     D:1: 824 daAuts
     D:4: 62 daAuts
